TOP OF THE 1ST |
St Charles Sheens batting - Pitching for Toronto Titans : LHP Stan Aldridge
|
Pitching: LHP Stan Aldridge
|
|
Batting: LHB Jason Lambert
|
0-0: Ground out 5-3 (Groundball, 15S)
|
Batting: SHB Theron Harper
|
0-0: Ball 1-0: Swinging Strike 1-1: Ball 2-1: Called Strike 2-2: Ball 3-2: Strikes out looking
|
Batting: LHB Jeff Carter
|
0-0: Ball 1-0: Ball 2-0: Ball 3-0: Ground out 4-3 (Groundball, 4)
|
Top of the 1st over - 0 run(s), 0 hit(s), 0 error(s), 0 left on base; St Charles 0 - Toronto 0 |
BOTTOM OF THE 1ST |
Toronto Titans batting - Pitching for St Charles Sheens : RHP Toshikasu Kiyomizu
|
Pitching: RHP Toshikasu Kiyomizu
|
|
Batting: SHB Ramón Lugo
|
0-0: Ball 1-0: Ball 2-0: Swinging Strike 2-1: Foul Ball, location: 2F 2-2: Ball 3-2: Ground out U3 (Groundball, 3L)
|
Batting: LHB Kent MacDulothe
|
0-0: Ground out 4-3 (Groundball, 4M)
|
Batting: LHB Roberto García
|
0-0: Foul Ball, location: 2F 0-1: Ball 1-1: Ball 2-1: Foul Ball, location: 2F 2-2: Ground out 6-3 (Groundball, 56)
|
Bottom of the 1st over - 0 run(s), 0 hit(s), 0 error(s), 0 left on base; St Charles 0 - Toronto 0 |
TOP OF THE 2ND |
St Charles Sheens batting - Pitching for Toronto Titans : LHP Stan Aldridge
|
Batting: RHB Júlio Figueroa
|
0-0: Ground out 4-3 (Groundball, 4)
|
Batting: LHB Marcos Cantú
|
0-0: Ball 1-0: Ground out 4-3 (Groundball, 4)
|
Batting: RHB Dan Tyler
|
0-0: SINGLE (Groundball, 5D)
|
Batting: RHB Judson Backstrom
|
0-0: Ball 1-0: Foul Ball, location: 2F 1-1: Ground out 4-3 (Groundball, 4)
|
Top of the 2nd over - 0 run(s), 1 hit(s), 0 error(s), 1 left on base; St Charles 0 - Toronto 0 |
BOTTOM OF THE 2ND |
Toronto Titans batting - Pitching for St Charles Sheens : RHP Toshikasu Kiyomizu
|
Batting: SHB Álex Rosado
|
0-0: Ball 1-0: Called Strike 1-1: Ball 2-1: SINGLE (Line Drive, 8LS)
|
Batting: LHB Lewis Barr
|
0-0: Called Strike 0-1: Fly out, F5 (Line Drive, 56)
|
Batting: SHB Juan Gómez
|
0-0: Ball 1-0: Called Strike 1-1: Ball 2-1: Ball 3-1: Base on Balls Álex Rosado to second
|
Batting: RHB Chris Parker
|
0-0: Ball 1-0: Swinging Strike 1-1: Grounds into double play, 5-4-3 (Groundball, 56)
|
Bottom of the 2nd over - 0 run(s), 1 hit(s), 0 error(s), 1 left on base; St Charles 0 - Toronto 0 |
TOP OF THE 3RD |
St Charles Sheens batting - Pitching for Toronto Titans : LHP Stan Aldridge
|
Batting: RHB Max Rash
|
0-0: Ground out 6-3 (Groundball, 6)
|
Batting: LHB Gene Cooper
|
0-0: Ball 1-0: Foul Ball, location: 2F 1-1: Ball 2-1: Ball 3-1: SINGLE (Groundball, 34D)
|
Batting: LHB Jason Lambert
|
0-0: Foul Ball, location: 2F 0-1: Swinging Strike 0-2: Ball 1-2: Ball 2-2: Strikes out swinging
|
Batting: SHB Theron Harper
|
0-0: Ball 1-0: Called Strike 1-1: Foul Ball, location: 2F 1-2: Strikes out swinging
|
Top of the 3rd over - 0 run(s), 1 hit(s), 0 error(s), 1 left on base; St Charles 0 - Toronto 0 |
BOTTOM OF THE 3RD |
Toronto Titans batting - Pitching for St Charles Sheens : RHP Toshikasu Kiyomizu
|
Batting: LHB Matt Smith
|
0-0: Called Strike 0-1: Ball 1-1: Ground out 5-3 (Groundball, 56)
|
Batting: RHB Alberto Velásquez
|
0-0: Swinging Strike 0-1: Swinging Strike 0-2: Ball 1-2: Foul Ball, location: 2F 1-2: Ball 2-2: Foul Ball, location: 2F 2-2: Reached on error, E4 (Groundball, 4)
|
Batting: SHB Ramón Lugo
|
0-0: Ball 1-0: Ball 2-0: Foul Ball, location: 2F 2-1: Foul Ball, location: 2F 2-2: DOUBLE (Groundball, 5L) Alberto Velásquez to third
|
Batting: LHB Kent MacDulothe
|
0-0: Ball 1-0: 3-RUN HOME RUN (Flyball, 9D), Distance : 376 ft
|
Batting: LHB Roberto García
|
0-0: Ball 1-0: Ball 2-0: Foul Ball, location: 2F 2-1: SINGLE (Line Drive, 8RS)
|
Batting: SHB Álex Rosado
|
0-0: Ball 1-0: Swinging Strike 1-1: Fielders Choice at 2nd, 6-4 (Groundball, 6M)
|
Batting: LHB Lewis Barr
|
0-0: Foul Ball, location: 2F 0-1: Foul Ball, location: 2F 0-2: Foul Ball, location: 2F 0-2: Strikes out swinging
|
Bottom of the 3rd over - 3 run(s), 3 hit(s), 1 error(s), 1 left on base; St Charles 0 - Toronto 3 |
TOP OF THE 4TH |
St Charles Sheens batting - Pitching for Toronto Titans : LHP Stan Aldridge
|
Batting: LHB Jeff Carter
|
0-0: Ball 1-0: SINGLE (Flyball, 9S)
|
Batting: RHB Júlio Figueroa
|
0-0: Called Strike 0-1: Grounds into double play, 6-4-3 (Groundball, 6)
|
Batting: LHB Marcos Cantú
|
0-0: Called Strike 0-1: Ball 1-1: Foul Ball, location: 2F 1-2: Ball 2-2: Ball 3-2: Foul Ball, location: 2F 3-2: Strikes out looking
|
Top of the 4th over - 0 run(s), 1 hit(s), 0 error(s), 0 left on base; St Charles 0 - Toronto 3 |
BOTTOM OF THE 4TH |
Toronto Titans batting - Pitching for St Charles Sheens : RHP Toshikasu Kiyomizu
|
Batting: SHB Juan Gómez
|
0-0: DOUBLE (Line Drive, 3D)
|
Batting: RHB Chris Parker
|
0-0: Ball 1-0: Ball 2-0: Fly out, F3 (Popup, 3S)
|
Batting: LHB Matt Smith
|
0-0: Swinging Strike 0-1: Swinging Strike 0-2: Ball 1-2: Ball 2-2: Foul Ball, location: 2F 2-2: Ball 3-2: Foul Ball, location: 2F 3-2: Strikes out swinging
|
Batting: RHB Alberto Velásquez
|
0-0: Ball 1-0: Ball 2-0: Ground out 6-3 (Groundball, 6M)
|
Bottom of the 4th over - 0 run(s), 1 hit(s), 0 error(s), 1 left on base; St Charles 0 - Toronto 3 |
TOP OF THE 5TH |
St Charles Sheens batting - Pitching for Toronto Titans : LHP Stan Aldridge
|
Batting: RHB Dan Tyler
|
0-0: Called Strike 0-1: Ground out 1-6-3 (Groundball, 15S)
|
Batting: RHB Judson Backstrom
|
0-0: Called Strike 0-1: Ball 1-1: Ball 2-1: Ground out 4-3 (Groundball, 4)
|
Batting: RHB Max Rash
|
0-0: Ball 1-0: DOUBLE (Line Drive, 78D)
|
Batting: LHB Gene Cooper
|
0-0: Called Strike 0-1: Swinging Strike 0-2: Foul Ball, location: 2F 0-2: Ball 1-2: Ball 2-2: Strikes out swinging
|
Top of the 5th over - 0 run(s), 1 hit(s), 0 error(s), 1 left on base; St Charles 0 - Toronto 3 |
BOTTOM OF THE 5TH |
Toronto Titans batting - Pitching for St Charles Sheens : RHP Toshikasu Kiyomizu
|
Batting: SHB Ramón Lugo
|
0-0: Foul Ball, location: 2F 0-1: Ball 1-1: Swinging Strike 1-2: Foul Ball, location: 2F 1-2: Ball 2-2: Foul Ball, location: 2F 2-2: Ball 3-2: DOUBLE (Line Drive, 89D)
|
Batting: LHB Kent MacDulothe
|
0-0: Called Strike 0-1: Ground out 4-3 (Groundball, 34) Ramón Lugo to third
|
Batting: LHB Roberto García
|
0-0: SINGLE (Groundball, 4MD) Ramón Lugo scores
|
Batting: SHB Álex Rosado
|
0-0: Ball 1-0: Ball 2-0: Ball 3-0: Base on Balls Roberto García to second
|
Batting: LHB Lewis Barr
|
0-0: Ball 1-0: Ball 2-0: Ball 3-0: Called Strike 3-1: 3-RUN HOME RUN (Flyball, 8LXD), Distance : 411 ft
|
Pitching: RHP Álex Villegas
|
|
Batting: SHB Juan Gómez
|
0-0: Ball 1-0: Called Strike 1-1: SINGLE (Line Drive, 56)
|
Batting: RHB Chris Parker
|
0-0: Ball 1-0: Ball 2-0: Ball 3-0: Base on Balls Juan Gómez to second
|
Batting: LHB Matt Smith
|
0-0: Ball 1-0: Ball 2-0: Called Strike 2-1: Ball 3-1: Swinging Strike 3-2: Base on Balls Juan Gómez to third Chris Parker to second
|
Pitching: RHP Tsugahara Suzuki
|
|
Batting: RHB Alberto Velásquez
|
0-0: Ball 1-0: Ball 2-0: Foul Ball, location: 2F 2-1: Swinging Strike 2-2: Strikes out swinging
|
Batting: SHB Ramón Lugo
|
0-0: Called Strike 0-1: Fly out, F8 (Flyball, 8LXD)
|
Bottom of the 5th over - 4 run(s), 4 hit(s), 0 error(s), 3 left on base; St Charles 0 - Toronto 7 |
TOP OF THE 6TH |
St Charles Sheens batting - Pitching for Toronto Titans : LHP Stan Aldridge
|
Batting: LHB Jason Lambert
|
0-0: Ball 1-0: Ball 2-0: Called Strike 2-1: Ground out 4-3 (Groundball, 4)
|
Batting: SHB Theron Harper
|
0-0: Ball 1-0: Ball 2-0: Ground out 6-3 (Groundball, 6M)
|
Batting: LHB Jeff Carter
|
0-0: Swinging Strike 0-1: Ball 1-1: Swinging Strike 1-2: Strikes out swinging
|
Top of the 6th over - 0 run(s), 0 hit(s), 0 error(s), 0 left on base; St Charles 0 - Toronto 7 |
BOTTOM OF THE 6TH |
Toronto Titans batting - Pitching for St Charles Sheens : RHP Tsugahara Suzuki
|
Batting: LHB Kent MacDulothe
|
0-0: Ball 1-0: Fly out, F7 (Flyball, 78M)
|
Batting: LHB Roberto García
|
0-0: Called Strike 0-1: Swinging Strike 0-2: Ball 1-2: Foul Ball, location: 2F 1-2: Foul Ball, location: 2F 1-2: Ground out 5-3 (Groundball, 56)
|
Batting: SHB Álex Rosado
|
0-0: Called Strike 0-1: Called Strike 0-2: DOUBLE (Flyball, 8LXD)
|
Batting: LHB Lewis Barr
|
0-0: Ball 1-0: Ground out U3 (Groundball, 3S)
|
Bottom of the 6th over - 0 run(s), 1 hit(s), 0 error(s), 1 left on base; St Charles 0 - Toronto 7 |
TOP OF THE 7TH |
St Charles Sheens batting - Pitching for Toronto Titans : LHP Stan Aldridge
|
Batting: RHB Júlio Figueroa
|
0-0: DOUBLE (Line Drive, 7LM)
|
Batting: LHB Marcos Cantú
|
0-0: Ball 1-0: Ball 2-0: Ground out 4-3 (Groundball, 4) Júlio Figueroa to third
|
Batting: RHB Dan Tyler
|
0-0: Ball 1-0: Called Strike 1-1: Ground out U3 (Groundball, 3)
|
Batting: RHB Judson Backstrom
|
0-0: Ball 1-0: Ball 2-0: 2-RUN HOME RUN (Flyball, 9D), Distance : 353 ft
|
Batting: RHB Max Rash
|
0-0: Called Strike 0-1: Foul Ball, location: 2F 0-2: Foul Ball, location: 2F 0-2: Foul Ball, location: 2F 0-2: Ball 1-2: Ball 2-2: Foul Ball, location: 2F 2-2: Ball 3-2: Fly out, F8 (Popup, 8LS)
|
Top of the 7th over - 2 run(s), 2 hit(s), 0 error(s), 0 left on base; St Charles 2 - Toronto 7 |
BOTTOM OF THE 7TH |
Toronto Titans batting - Pitching for St Charles Sheens : RHP Tsugahara Suzuki
|
Batting: SHB Juan Gómez
|
0-0: Foul Ball, location: 2F 0-1: Hit by Pitch
|
Batting: RHB Chris Parker
|
0-0: SINGLE (Groundball, 6MD) (infield hit) Juan Gómez to second
|
Batting: LHB Matt Smith
|
0-0: Sac Bunt - play at first, batter OUT! 2-3 Juan Gómez to third Chris Parker to second
|
Pitching: RHP Juan Rivera
|
|
Batting: RHB Alberto Velásquez
|
0-0: Ball 1-0: Called Strike 1-1: Ball 2-1: Fly out, F8 (Flyball, 8RXD) Runner from 3rd tags up, SCORES, no throw
|
Batting: SHB Ramón Lugo
|
0-0: Ground out 1-3 (Groundball, 13)
|
Bottom of the 7th over - 1 run(s), 1 hit(s), 0 error(s), 1 left on base; St Charles 2 - Toronto 8 |
TOP OF THE 8TH |
St Charles Sheens batting - Pitching for Toronto Titans : LHP Stan Aldridge
|
Now at 3B: Jim Tracy
|
|
Batting: LHB Gene Cooper
|
0-0: Ground out 3-1 (Groundball, 34S)
|
Batting: LHB Jason Lambert
|
0-0: Ball 1-0: Reached on error, E4 (Groundball, 4)
|
Batting: SHB Theron Harper
|
0-0: Fly out, F9 (Flyball, 9M)
|
Batting: LHB Jeff Carter
|
0-0: Ball 1-0: Ground out 3-1 (Groundball, 34)
|
Top of the 8th over - 0 run(s), 0 hit(s), 1 error(s), 1 left on base; St Charles 2 - Toronto 8 |
BOTTOM OF THE 8TH |
Toronto Titans batting - Pitching for St Charles Sheens : RHP Juan Rivera
|
Batting: LHB Kent MacDulothe
|
0-0: Swinging Strike 0-1: SINGLE (Line Drive, 4D)
|
Batting: LHB Roberto García
|
0-0: Called Strike 0-1: Foul Ball, location: 2F 0-2: Foul Ball, location: 2F 0-2: Ball 1-2: Fly out, F9 (Flyball, 89S)
|
Batting: SHB Álex Rosado
|
0-0: Fielders Choice at 2nd, 4-6 (Groundball, 4)
|
Batting: LHB Lewis Barr
|
0-0: Ball 1-0: SINGLE (Groundball, 4MD) Álex Rosado to second Runner from 2nd tries for 3rd, SAFE, throw made to third
|
Batting: SHB Juan Gómez
|
0-0: Foul Ball, location: 2F 0-1: SINGLE (Flyball, 89S) Álex Rosado scores Lewis Barr to second Throwing error, E9 Lewis Barr scores Juan Gómez to second
|
Batting: RHB Chris Parker
|
0-0: Ball 1-0: Foul Ball, location: 2F 1-1: Called Strike 1-2: Strikes out swinging
|
Bottom of the 8th over - 2 run(s), 3 hit(s), 1 error(s), 1 left on base; St Charles 2 - Toronto 10 |
TOP OF THE 9TH |
St Charles Sheens batting - Pitching for Toronto Titans : LHP Stan Aldridge
|
Batting: RHB Júlio Figueroa
|
0-0: Ball 1-0: Foul Ball, location: 2F 1-1: Called Strike 1-2: Ground out 5-3 (Groundball, 5S)
|
Batting: LHB Marcos Cantú
|
0-0: Ground out 2-3 (Groundball, 2L)
|
Batting: RHB Dan Tyler
|
0-0: Ground out 6-3 (Groundball, 6)
|
Top of the 9th over - 0 run(s), 0 hit(s), 0 error(s), 0 left on base; St Charles 2 - Toronto 10 |
|